Bruins vs Coyotes
Created - December 28, 2018 at 21:55
Goals
|
Bruins |
2 |
2 |
1 |
5 |
Coyotes |
2 |
0 |
1 |
3 |
|
Shots
|
Bruins |
14 |
10 |
7 |
31 |
Coyotes |
15 |
8 |
12 |
35 |
|
1st period
1. Coyotes , Nazem Kadri 11 (Zach Parise 12, Marek Svatos 15) at 7:50 (PP)
2. Bruins , Kris Chucko 6 (Andrew Alberts 10) at 14:28
3. Bruins , Victor Oreskovich 12 (Tim Connolly 14) at 16:53
4. Coyotes , Brad Richards 7 (Marian Gaborik 20, Tyler Ennis 18) at 18:08
Penalties :
Chad Larose (Ari) for Tripping (Minor) at 1:25, Victor Oreskovich (Bos) for High sticking (Minor) at 6:52, Henrik Sedin (Bos) for Holding (Minor) at 7:58, Shane O'Brien (Bos) for Holding (Minor) at 11:02
2nd period
5. Bruins , Henrik Sedin 12 (Wojtek Wolski 27, Shane O'Brien 12) at 2:24
6. Bruins , Tim Connolly 10 (Victor Oreskovich 11, Cam Fowler 6) at 7:08
Penalties :
No Penalty
3rd period
7. Coyotes , Marek Svatos 11 (Michael Del Zotto 7, Brad Richards 24) at 16:54 (PP)
8. Bruins , Dave Bolland 10 (Jason Demers 15) at 18:32
Penalties :
Ryane Clowe (Ari) for Tripping (Minor) at 1:25, Victor Oreskovich (Bos) for Hooking (Minor) at 15:01
Goalie Stats
Kevin Poulin (Bos), 32 saves from 35 shots - (0.914), W, 12-11-2, 60:00 minutes
Maxime Daigneault (Ari), 26 saves from 31 shots - (0.839), L, 14-5-0, 60:00 minutes
Players Stats for Bruins
Player Name G A P +/- PIM S H SB GA TA FO MP PP MP PK MP
------------------------------------------------------------------------------------
Andrew Alberts 0 1 1 1 0 1 0 2 0 1 0/0 21:43 1:59 2:48
Cam Fowler 0 1 1 1 0 1 1 2 0 0 0/0 21:16 1:59 2:26
Casey Cizikas 0 0 0 1 0 2 1 0 0 1 2/4 7:51 0:00 0:16
Dave Bolland 1 0 1 1 0 1 0 0 0 0 6/10 12:30 0:00 0:00
Henrik Sedin 1 0 1 0 2 6 2 0 0 0 14/30 22:05 2:29 2:42
Jason Demers 0 1 1 3 0 0 5 2 1 2 0/0 26:59 1:59 4:13
Justin Faulk 0 0 0 0 0 1 0 0 1 0 0/0 11:36 0:00 0:58
Kevin Bieksa 0 0 0 0 0 0 1 2 1 0 0/0 11:45 0:00 0:10
Kris Chucko 1 0 1 1 0 6 1 0 1 1 0/0 8:23 0:00 0:47
Matt Cooke 0 0 0 2 0 0 1 0 1 0 1/1 13:36 1:29 0:00
Nathan Horton 0 0 0 0 0 2 0 1 1 0 0/0 22:29 2:29 2:07
Nikolai Zherdev 0 0 0 1 0 0 1 0 0 0 0/0 7:40 0:00 0:00
Rene Bourque 0 0 0 1 0 1 0 0 0 1 0/1 13:20 0:00 1:46
Shane O'Brien 0 1 1 3 2 0 3 1 0 2 0/0 26:45 1:59 3:03
Tim Connolly 1 1 2 2 0 3 2 1 1 0 6/11 16:47 1:29 2:07
Victor Oreskovich 1 1 2 2 4 1 0 0 1 0 0/0 13:34 1:29 0:00
Viktor Stalberg 0 0 0 1 0 3 0 0 0 0 0/1 11:37 0:00 0:00
Wojtek Wolski 0 1 1 0 0 3 2 0 2 0 4/9 23:11 2:29 3:53
Players Stats for Coyotes
Player Name G A P +/- PIM S H SB GA TA FO MP PP MP PK MP
------------------------------------------------------------------------------------
Anton Stralman 0 0 0 -2 0 3 0 1 0 2 0/0 24:58 3:29 1:53
Brad Richards 1 1 2 -3 0 5 3 0 0 1 21/41 21:26 3:54 1:10
Brooks Laich 0 0 0 0 0 2 0 0 0 1 1/3 7:22 0:00 0:00
Chad Larose 0 0 0 0 2 0 1 0 0 0 2/2 8:37 0:00 1:13
Chris Stewart 0 0 0 -1 0 3 0 0 0 0 0/0 12:05 0:00 0:00
Greg Zanon 0 0 0 -1 0 0 0 3 0 2 0/0 16:42 0:00 2:05
Josh Gorges 0 0 0 -1 0 0 1 2 0 2 0/0 21:12 3:20 2:05
Kristopher Letang 0 0 0 -2 0 2 1 1 1 1 0/0 24:58 3:29 1:53
Marek Svatos 1 1 2 0 0 3 1 0 1 0 1/1 16:16 2:55 0:00
Marian Gaborik 0 1 1 -3 0 4 2 0 0 0 2/2 20:16 3:54 0:00
Martin Samuelsson 0 0 0 -1 0 0 0 1 0 0 0/1 14:07 0:00 2:16
Maxim Talbot 0 0 0 -1 0 1 0 0 1 0 0/6 13:30 0:00 1:26
Michael Del Zotto 0 1 1 -1 0 2 0 2 0 0 0/0 18:20 3:20 0:00
Nazem Kadri 1 0 1 0 0 5 0 1 1 0 5/9 16:31 2:55 0:15
Ryane Clowe 0 0 0 0 2 0 1 0 0 0 0/0 7:40 0:00 0:15
Thomas Hickey 0 0 0 -1 0 0 1 0 0 0 0/0 13:50 0:00 0:00
Tyler Ennis 0 1 1 -3 0 2 1 0 3 1 1/1 20:16 3:54 0:00
Zach Parise 0 1 1 0 0 3 1 0 1 0 1/1 17:54 2:55 1:21
3 Stars
1 - Tim Connolly (Bos)
2 - Jason Demers (Bos)
3 - Kris Chucko (Bos)
Power Play
Bruins - 0 on 2 Attempt(s) - 0.00%
Coyotes - 2 on 4 Attempt(s) - 50.00%
Penalty Kill
Bruins - 2 on 4 Attempt(s) - 50.00%
- Score 0 goal in Penalty Kill
Coyotes - 2 on 2 Attempt(s) - 100.00%
- Score 0 goal in Penalty Kill
Team Stat
Bruins - Hits : 20 - Faceoff Wins : 33 - Blocked Shots : 11 - Penalty Minutes : 8
Coyotes - Hits : 13 - Faceoff Wins : 34 - Blocked Shots : 11 - Penalty Minutes : 4
Official
Referees : Unknown
Linesman : Unknown
Game Notes
No Game Note
Finance
Level 1 -- Attendance: 6000 (100.00%) -- Ticket Income $540,000
Level 2 -- Attendance: 5000 (100.00%) -- Ticket Income $265,000
Level 3 -- Attendance: 2000 (100.00%) -- Ticket Income $74,000
Level 4 -- Attendance: 4000 (100.00%) -- Ticket Income $104,000
Luxury Box -- Attendance: 963 (96.30%) -- Ticket Income $156,969
Game was played at the The Pack Center.
Total Attendance: 17963 (99.79%)
Total Ticket Income: $1,139,969
Other Income: $170,995
Total Income: $1,310,964
Bruins
5 vs 5 Forward
Center Left Wing Right Wing Time % Phy DF OF
1 Henrik Sedin Wojtek Wolski Nathan Horton 40 1 2 2
2 Tim Connolly Matt Cooke Victor Oreskovich 30 1 2 2
3 Dave Bolland Viktor Stalberg Rene Bourque 20 1 2 2
4 Casey Cizikas Kris Chucko Nikolai Zherdev 10 1 2 2
5 vs 5 Defense
Defense Defense Time % Phy DF OF
1 Jason Demers Shane O'Brien 40 1 2 2
2 Andrew Alberts Cam Fowler 30 1 2 2
3 Kevin Bieksa Justin Faulk 20 1 2 2
4 Jason Demers Shane O'Brien 10 1 2 2
PowerPlay Forward
Center Left Wing Right Wing Time % Phy DF OF
1 Henrik Sedin Wojtek Wolski Nathan Horton 60 1 2 2
2 Tim Connolly Matt Cooke Victor Oreskovich 40 1 2 2
PowerPlay Defense
Defense Defense Time % Phy DF OF
1 Jason Demers Shane O'Brien 60 1 2 2
2 Andrew Alberts Cam Fowler 40 1 2 2
Penalty Kill 4 Players Forward
Center Wing Time % Phy DF OF
1 Wojtek Wolski Henrik Sedin 60 1 2 2
2 Tim Connolly Nathan Horton 40 1 2 2
Penalty Kill 4 Players Defense
Defense Defense Time % Phy DF OF
1 Jason Demers Shane O'Brien 60 1 2 2
2 Andrew Alberts Cam Fowler 40 1 2 2
Penalty Kill - 3 Players Forward
Forward Time % Phy DF OF
1 Wojtek Wolski 60 1 2 2
2 Henrik Sedin 40 1 2 2
Penalty Kill - 3 Players Defense
Defense Defense Time % Phy DF OF
1 Jason Demers Shane O'Brien 60 1 2 2
2 Andrew Alberts Cam Fowler 40 1 2 2
4 vs 4 Forward
Center Wing Time % Phy DF OF
1 Wojtek Wolski Henrik Sedin 60 1 2 2
2 Tim Connolly Nathan Horton 40 1 2 2
4 vs 4 Defense
Defense Defense Time % Phy DF OF
1 Jason Demers Shane O'Brien 60 1 2 2
2 Andrew Alberts Cam Fowler 40 1 2 2
Last Minutes Offensive
Center Left Wing Right Wing Defense Defense
Henrik Sedin Wojtek Wolski Nathan Horton Jason Demers Shane O'Brien
Last Minutes Defensive
Center Left Wing Right Wing Defense Defense
Henrik Sedin Wojtek Wolski Nathan Horton Jason Demers Shane O'Brien
Goaltenders
Starting : Kevin Poulin
Backup : Craig Anderson
Extra Forwards
Normal : Dave Bolland, Viktor Stalberg, Rene Bourque - PP : Dave Bolland, Viktor Stalberg - PK : Rene Bourque
Extra Defensemen
Normal : Kevin Bieksa, Justin Faulk, Andrew Alberts - PP : Kevin Bieksa - PK : Justin Faulk, Andrew Alberts
Penalty Shots
Wojtek Wolski, Henrik Sedin, Tim Connolly, Nathan Horton, Victor Oreskovich
Scratches
None
Coyotes
5 vs 5 Forward
Center Left Wing Right Wing Time % Phy DF OF
1 Brad Richards Tyler Ennis Marian Gaborik 40 0 2 3
2 Nazem Kadri Zach Parise Marek Svatos 30 0 2 3
3 Maxim Talbot Martin Samuelsson Chris Stewart 20 1 2 2
4 Brooks Laich Ryane Clowe Chad Larose 10 1 2 2
5 vs 5 Defense
Defense Defense Time % Phy DF OF
1 Kristopher Letang Anton Stralman 40 0 3 2
2 Josh Gorges Michael Del Zotto 32 0 3 2
3 Greg Zanon Thomas Hickey 28 0 3 2
4 Kristopher Letang Anton Stralman 0 1 2 2
PowerPlay Forward
Center Left Wing Right Wing Time % Phy DF OF
1 Brad Richards Tyler Ennis Marian Gaborik 60 0 1 4
2 Nazem Kadri Zach Parise Marek Svatos 40 0 1 4
PowerPlay Defense
Defense Defense Time % Phy DF OF
1 Kristopher Letang Anton Stralman 60 0 2 3
2 Josh Gorges Michael Del Zotto 40 0 2 3
Penalty Kill 4 Players Forward
Center Wing Time % Phy DF OF
1 Chad Larose Martin Samuelsson 60 1 3 1
2 Brad Richards Zach Parise 40 1 3 1
Penalty Kill 4 Players Defense
Defense Defense Time % Phy DF OF
1 Greg Zanon Josh Gorges 60 1 4 0
2 Anton Stralman Kristopher Letang 40 1 4 0
Penalty Kill - 3 Players Forward
Forward Time % Phy DF OF
1 Marian Gaborik 60 1 3 1
2 Brad Richards 40 1 3 1
Penalty Kill - 3 Players Defense
Defense Defense Time % Phy DF OF
1 Kristopher Letang Anton Stralman 60 1 4 0
2 Josh Gorges Greg Zanon 40 1 4 0
4 vs 4 Forward
Center Wing Time % Phy DF OF
1 Marian Gaborik Brad Richards 60 1 2 2
2 Tyler Ennis Zach Parise 40 1 2 2
4 vs 4 Defense
Defense Defense Time % Phy DF OF
1 Kristopher Letang Anton Stralman 60 1 2 2
2 Josh Gorges Greg Zanon 40 1 2 2
Last Minutes Offensive
Center Left Wing Right Wing Defense Defense
Brad Richards Tyler Ennis Marian Gaborik Kristopher Letang Anton Stralman
Last Minutes Defensive
Center Left Wing Right Wing Defense Defense
Brad Richards Tyler Ennis Marian Gaborik Kristopher Letang Anton Stralman
Goaltenders
Starting : Maxime Daigneault
Backup : Cam Ward
Extra Forwards
Normal : Chris Stewart, Brooks Laich, Ryane Clowe - PP : Chris Stewart, Brooks Laich - PK : Maxim Talbot
Extra Defensemen
Normal : Michael Del Zotto, Thomas Hickey, Josh Gorges - PP : Michael Del Zotto - PK : Thomas Hickey, Josh Gorges
Penalty Shots
Marian Gaborik, Brad Richards, Tyler Ennis, Zach Parise, Nazem Kadri
Scratches
None
% Time on Ice - Bruins
Lines # - Real PCT - Wanted PCT - Time Play
Normal Forward
1 - 35% - 40% - 17:17
2 - 27% - 30% - 13:11
3 - 23% - 20% - 11:16
4 - 15% - 10% - 7:29
Normal Defense
1 - 40% - 40% - 19:53
2 - 34% - 30% - 16:51
3 - 22% - 20% - 10:38
4 - 4% - 10% - 1:51
PP Forward
1 - 63% - 60% - 2:29
2 - 37% - 40% - 1:29
PP Defense
1 - 50% - 60% - 1:59
2 - 50% - 40% - 1:59
PK Forward
1 - 69% - 60% - 4:42
2 - 31% - 40% - 2:07
PK Defense
1 - 64% - 60% - 4:23
2 - 36% - 40% - 2:26
PK3 Forward
1 - 0% - 60%
2 - 0% - 40%
PK3 Defense
1 - 0% - 60%
2 - 0% - 40%
44 Forward
1 - 0% - 60%
2 - 0% - 40%
44 Defense
1 - 0% - 60%
2 - 0% - 40%
Last Minute Offensive - 0:00
Last Minute Defensive - 0:00
Total
Forward - 60:00
Defense - 60:00
|
% Time on Ice - Coyotes
Lines # - Real PCT - Wanted PCT - Time Play
Normal Forward
1 - 34% - 40% - 16:44
2 - 28% - 30% - 13:38
3 - 24% - 20% - 11:47
4 - 14% - 10% - 7:04
Normal Defense
1 - 41% - 40% - 20:23
2 - 30% - 32% - 15:00
3 - 28% - 28% - 13:50
4 - 0% - 0% - 0:00
PP Forward
1 - 57% - 60% - 3:54
2 - 43% - 40% - 2:55
PP Defense
1 - 51% - 60% - 3:29
2 - 49% - 40% - 3:20
PK Forward
1 - 74% - 60% - 2:55
2 - 26% - 40% - 1:03
PK Defense
1 - 53% - 60% - 2:05
2 - 47% - 40% - 1:53
PK3 Forward
1 - 0% - 60%
2 - 0% - 40%
PK3 Defense
1 - 0% - 60%
2 - 0% - 40%
44 Forward
1 - 0% - 60%
2 - 0% - 40%
44 Defense
1 - 0% - 60%
2 - 0% - 40%
Last Minute Offensive - 0:00
Last Minute Defensive - 0:00
Total
Forward - 60:00
Defense - 60:00
|
Play by Play
1st period
0:01 of 1st period - Brad Richards wins face-off versus Henrik Sedin in neutral zone.
0:14 of 1st period - Snap shot by Marian Gaborik.
0:14 of 1st period - Shot Blocked by Shane O'Brien.
0:26 of 1st period - Marek Svatos is hit by Jason Demers and loses puck.
1:25 of 1st period - Minor Penalty to Chad Larose for Tripping.
1:26 of 1st period - Henrik Sedin wins face-off versus Maxim Talbot in Coyotes zone.
1:31 of 1st period - Wrist shot by Henrik Sedin.
1:31 of 1st period - Shot Misses the Net.
1:33 of 1st period - Snap shot by Nathan Horton.
1:33 of 1st period - Stopped by Maxime Daigneault without a rebound.
1:34 of 1st period - Henrik Sedin wins face-off versus Maxim Talbot in Coyotes zone.
3:25 of 1st period - Penalty to Chad Larose is over, Chad Larose is back on ice.
3:39 of 1st period - Snap shot by Kris Chucko.
3:39 of 1st period - Shot Misses the Net.
3:41 of 1st period - Slapshot by Justin Faulk.
3:41 of 1st period - Stopped by Maxime Daigneault without a rebound.
3:42 of 1st period - Brad Richards wins face-off versus Viktor Stalberg in Coyotes zone.
4:11 of 1st period - Kristopher Letang is hit by Jason Demers and loses puck.
4:45 of 1st period - Icing by Henrik Sedin.
4:46 of 1st period - Henrik Sedin wins face-off versus Brad Richards in Bruins zone.
5:01 of 1st period - Snap shot by Tyler Ennis.
5:01 of 1st period - Shot Blocked by Nathan Horton.
5:11 of 1st period - Wrist shot by Maxim Talbot.
5:11 of 1st period - Shot Misses the Net.
5:13 of 1st period - Snap shot by Maxim Talbot.
5:13 of 1st period - Shot Misses the Net.
5:33 of 1st period - Backhand shot by Marek Svatos.
5:33 of 1st period - Deflect By Zach Parise.
5:33 of 1st period - Shot Blocked by Andrew Alberts.
5:33 of 1st period - Puck is out of play.
5:34 of 1st period - Dave Bolland wins face-off versus Nazem Kadri in Bruins zone.
6:10 of 1st period - Snap shot by Viktor Stalberg.
6:10 of 1st period - Stopped by Maxime Daigneault without a rebound.
6:11 of 1st period - Henrik Sedin wins face-off versus Brad Richards in Coyotes zone.
6:12 of 1st period - Wrist shot by Wojtek Wolski.
6:12 of 1st period - Shot Blocked by Greg Zanon.
6:25 of 1st period - Snap shot by Henrik Sedin.
6:25 of 1st period - Shot Blocked by Greg Zanon.
6:52 of 1st period - Minor Penalty to Victor Oreskovich for High sticking.
6:53 of 1st period - Brad Richards wins face-off versus Wojtek Wolski in Bruins zone.
7:04 of 1st period - Backhand shot by Brad Richards.
7:04 of 1st period - Stopped by Kevin Poulin without a rebound.
7:05 of 1st period - Brad Richards wins face-off versus Wojtek Wolski in Bruins zone.
7:36 of 1st period - Slapshot by Kristopher Letang.
7:36 of 1st period - Stopped by Kevin Poulin without a rebound.
7:37 of 1st period - Tim Connolly wins face-off versus Nazem Kadri in Bruins zone.
7:50 of 1st period - Snap shot by Nazem Kadri.
7:50 of 1st period - Goal by Nazem Kadri - Bruins : 0 - Coyotes : 1.
7:51 of 1st period - Tyler Ennis wins face-off versus Henrik Sedin in neutral zone.
7:51 of 1st period - Tyler Ennis is hit by Wojtek Wolski.
7:58 of 1st period - Minor Penalty to Henrik Sedin for Holding.
7:59 of 1st period - Brad Richards wins face-off versus Wojtek Wolski in Bruins zone.
8:31 of 1st period - Wrist shot by Marian Gaborik.
8:31 of 1st period - Shot Misses the Net.
8:45 of 1st period - Wrist shot by Marian Gaborik.
8:45 of 1st period - Shot Blocked by Cam Fowler.
8:47 of 1st period - Wrist shot by Brad Richards.
8:47 of 1st period - Shot Misses the Net.
8:49 of 1st period - Wrist shot by Brad Richards.
8:49 of 1st period - Deflect By Marian Gaborik.
8:49 of 1st period - Stopped by Kevin Poulin with a rebound.
8:51 of 1st period - Slapshot by Anton Stralman.
8:51 of 1st period - Shot Blocked by Tim Connolly.
8:53 of 1st period - Snap shot by Tyler Ennis.
8:53 of 1st period - Shot Blocked by Cam Fowler.
8:55 of 1st period - Snap shot by Brad Richards.
8:55 of 1st period - Stopped by Kevin Poulin without a rebound.
8:56 of 1st period - Zach Parise wins face-off versus Wojtek Wolski in Bruins zone.
8:59 of 1st period - Wrist shot by Zach Parise.
8:59 of 1st period - Stopped by Kevin Poulin with a rebound.
9:47 of 1st period - Icing by Anton Stralman.
9:48 of 1st period - Brad Richards wins face-off versus Casey Cizikas in Coyotes zone.
9:53 of 1st period - Snap shot by Kris Chucko.
9:53 of 1st period - Stopped by Maxime Daigneault with a rebound.
9:58 of 1st period - Penalty to Henrik Sedin is over, Henrik Sedin is back on ice.
10:09 of 1st period - Slapshot by Tim Connolly.
10:09 of 1st period - Shot Blocked by Anton Stralman.
10:57 of 1st period - Off-side.
10:58 of 1st period - Brad Richards wins face-off versus Henrik Sedin in neutral zone.
11:02 of 1st period - Minor Penalty to Shane O'Brien for Holding.
11:03 of 1st period - Wojtek Wolski wins face-off versus Brad Richards in Bruins zone.
11:32 of 1st period - Snap shot by Tim Connolly.
11:32 of 1st period - Stopped by Maxime Daigneault with a rebound.
12:06 of 1st period - Cam Fowler is hit by Brad Richards and loses puck.
13:02 of 1st period - Penalty to Shane O'Brien is over, Shane O'Brien is back on ice.
13:12 of 1st period - Kristopher Letang is hit by Tim Connolly.
14:11 of 1st period - Wrist shot by Kris Chucko.
14:11 of 1st period - Stopped by Maxime Daigneault without a rebound.
14:12 of 1st period - Casey Cizikas wins face-off versus Nazem Kadri in Coyotes zone.
14:20 of 1st period - Off-side.
14:21 of 1st period - Casey Cizikas wins face-off versus Brad Richards in neutral zone.
14:24 of 1st period - Josh Gorges is hit by Nikolai Zherdev.
14:28 of 1st period - Wrist shot by Kris Chucko.
14:28 of 1st period - Goal by Kris Chucko - Bruins : 1 - Coyotes : 1.
14:29 of 1st period - Dave Bolland wins face-off versus Brad Richards in neutral zone.
14:34 of 1st period - Snap shot by Rene Bourque.
14:34 of 1st period - Stopped by Maxime Daigneault without a rebound.
14:35 of 1st period - Brad Richards wins face-off versus Dave Bolland in Coyotes zone.
14:52 of 1st period - Snap shot by Viktor Stalberg.
14:52 of 1st period - Shot Misses the Net.
15:07 of 1st period - Nazem Kadri is hit by Jason Demers.
15:28 of 1st period - Off-side.
15:29 of 1st period - Tim Connolly wins face-off versus Maxim Talbot in neutral zone.
15:45 of 1st period - Icing by Martin Samuelsson.
15:46 of 1st period - Henrik Sedin wins face-off versus Maxim Talbot in Coyotes zone.
15:51 of 1st period - Snap shot by Henrik Sedin.
15:51 of 1st period - Stopped by Maxime Daigneault without a rebound.
15:52 of 1st period - Brad Richards wins face-off versus Henrik Sedin in Coyotes zone.
16:16 of 1st period - Icing by Wojtek Wolski.
16:17 of 1st period - Nazem Kadri wins face-off versus Henrik Sedin in Bruins zone.
16:32 of 1st period - Snap shot by Zach Parise.
16:32 of 1st period - Stopped by Kevin Poulin with a rebound.
16:34 of 1st period - Slapshot by Anton Stralman.
16:34 of 1st period - Stopped by Kevin Poulin with a rebound.
16:51 of 1st period - Icing by Kristopher Letang.
16:52 of 1st period - Tim Connolly wins face-off versus Brad Richards in Coyotes zone.
16:53 of 1st period - Snap shot by Victor Oreskovich.
16:53 of 1st period - Goal by Victor Oreskovich - Bruins : 2 - Coyotes : 1.
16:54 of 1st period - Henrik Sedin wins face-off versus Brad Richards in neutral zone.
17:03 of 1st period - Icing by Marian Gaborik.
17:04 of 1st period - Henrik Sedin wins face-off versus Brad Richards in Coyotes zone.
17:13 of 1st period - Wrist shot by Henrik Sedin.
17:13 of 1st period - Stopped by Maxime Daigneault without a rebound.
17:14 of 1st period - Henrik Sedin wins face-off versus Brad Richards in Coyotes zone.
17:21 of 1st period - Wrist shot by Wojtek Wolski.
17:21 of 1st period - Shot Misses the Net.
17:29 of 1st period - Snap shot by Brad Richards.
17:29 of 1st period - Deflect By Marian Gaborik.
17:29 of 1st period - Stopped by Kevin Poulin without a rebound.
17:30 of 1st period - Matt Cooke wins face-off versus Nazem Kadri in Bruins zone.
18:06 of 1st period - Snap shot by Marian Gaborik.
18:06 of 1st period - Stopped by Kevin Poulin with a rebound.
18:08 of 1st period - Snap shot by Brad Richards.
18:08 of 1st period - Goal by Brad Richards - Bruins : 2 - Coyotes : 2.
18:09 of 1st period - Henrik Sedin wins face-off versus Brad Richards in neutral zone.
18:16 of 1st period - Wrist shot by Nathan Horton.
18:16 of 1st period - Stopped by Maxime Daigneault with a rebound.
18:18 of 1st period - Wrist shot by Wojtek Wolski.
18:18 of 1st period - Stopped by Maxime Daigneault without a rebound.
18:19 of 1st period - Brad Richards wins face-off versus Henrik Sedin in Coyotes zone.
18:38 of 1st period - Wrist shot by Tyler Ennis.
18:38 of 1st period - Stopped by Kevin Poulin without a rebound.
18:39 of 1st period - Nazem Kadri wins face-off versus Tim Connolly in Bruins zone.
19:06 of 1st period - Greg Zanon is hit by Wojtek Wolski and loses puck.
19:15 of 1st period - Slapshot by Nathan Horton.
19:15 of 1st period - Shot Misses the Net.
19:17 of 1st period - Snap shot by Cam Fowler.
19:17 of 1st period - Stopped by Maxime Daigneault with a rebound.
19:35 of 1st period - Snap shot by Chris Stewart.
19:35 of 1st period - Stopped by Kevin Poulin with a rebound.
19:37 of 1st period - Snap shot by Chris Stewart.
19:37 of 1st period - Stopped by Kevin Poulin without a rebound.
19:38 of 1st period - Nazem Kadri wins face-off versus Henrik Sedin in Bruins zone.
19:51 of 1st period - Slapshot by Marek Svatos.
19:51 of 1st period - Shot Misses the Net.
19:53 of 1st period - Slapshot by Kristopher Letang.
19:53 of 1st period - Deflect By Nazem Kadri.
19:53 of 1st period - Stopped by Kevin Poulin with a rebound.
19:55 of 1st period - Snap shot by Nazem Kadri.
19:55 of 1st period - Deflect By Zach Parise.
19:55 of 1st period - Shot Misses the Net.
19:55 of 1st period - Puck is out of play.
19:56 of 1st period - Tim Connolly wins face-off versus Brad Richards in Bruins zone.
Goals for this period are 2 for Bruins vs 2 for Coyotes.
Shots for this period are 14 for Bruins vs 15 for Coyotes.
2nd period
0:01 of 2nd period - Henrik Sedin wins face-off versus Brad Richards in neutral zone.
0:06 of 2nd period - Kristopher Letang is hit by Shane O'Brien.
0:55 of 2nd period - Slapshot by Viktor Stalberg.
0:55 of 2nd period - Stopped by Maxime Daigneault without a rebound.
0:56 of 2nd period - Brad Richards wins face-off versus Dave Bolland in Coyotes zone.
1:01 of 2nd period - Viktor Stalberg is hit by Brad Richards and loses puck.
1:27 of 2nd period - Icing by Michael Del Zotto.
1:28 of 2nd period - Nazem Kadri wins face-off versus Henrik Sedin in Coyotes zone.
1:37 of 2nd period - Slapshot by Henrik Sedin.
1:37 of 2nd period - Stopped by Maxime Daigneault without a rebound.
1:38 of 2nd period - Brad Richards wins face-off versus Henrik Sedin in Coyotes zone.
1:45 of 2nd period - Wojtek Wolski is hit by Tyler Ennis and loses puck.
2:20 of 2nd period - Slapshot by Wojtek Wolski.
2:20 of 2nd period - Stopped by Maxime Daigneault with a rebound.
2:22 of 2nd period - Wrist shot by Wojtek Wolski.
2:22 of 2nd period - Stopped by Maxime Daigneault with a rebound.
2:24 of 2nd period - Snap shot by Henrik Sedin.
2:24 of 2nd period - Goal by Henrik Sedin - Bruins : 3 - Coyotes : 2.
2:25 of 2nd period - Marek Svatos wins face-off versus Tim Connolly in neutral zone.
3:33 of 2nd period - Snap shot by Martin Samuelsson.
3:33 of 2nd period - Shot Blocked by Jason Demers.
5:19 of 2nd period - Josh Gorges is hit by Casey Cizikas and loses puck.
5:46 of 2nd period - Chad Larose is hit by Shane O'Brien and loses puck.
5:57 of 2nd period - Snap shot by Michael Del Zotto.
5:57 of 2nd period - Shot Blocked by Kevin Bieksa.
6:03 of 2nd period - Marian Gaborik is hit by Kevin Bieksa and loses puck.
6:18 of 2nd period - Snap shot by Martin Samuelsson.
6:18 of 2nd period - Shot Hit the Post.
6:20 of 2nd period - Slapshot by Michael Del Zotto.
6:20 of 2nd period - Stopped by Kevin Poulin without a rebound.
6:21 of 2nd period - Tim Connolly wins face-off versus Martin Samuelsson in Bruins zone.
6:40 of 2nd period - Kristopher Letang is hit by Matt Cooke and loses puck.
7:08 of 2nd period - Snap shot by Tim Connolly.
7:08 of 2nd period - Goal by Tim Connolly - Bruins : 4 - Coyotes : 2.
7:09 of 2nd period - Henrik Sedin wins face-off versus Brad Richards in neutral zone.
7:14 of 2nd period - Snap shot by Nathan Horton.
7:14 of 2nd period - Shot Misses the Net.
7:16 of 2nd period - Snap shot by Shane O'Brien.
7:16 of 2nd period - Deflect By Henrik Sedin.
7:16 of 2nd period - Shot Misses the Net.
7:16 of 2nd period - Puck is out of play.
7:17 of 2nd period - Brad Richards wins face-off versus Henrik Sedin in Coyotes zone.
7:42 of 2nd period - Victor Oreskovich is hit by Thomas Hickey and loses puck.
8:13 of 2nd period - Snap shot by Kris Chucko.
8:13 of 2nd period - Stopped by Maxime Daigneault without a rebound.
8:14 of 2nd period - Henrik Sedin wins face-off versus Brad Richards in Coyotes zone.
8:24 of 2nd period - Slapshot by Anton Stralman.
8:24 of 2nd period - Deflect By Nathan Horton.
8:24 of 2nd period - Stopped by Kevin Poulin without a rebound.
8:25 of 2nd period - Brad Richards wins face-off versus Henrik Sedin in Bruins zone.
8:52 of 2nd period - Kristopher Letang is hit by Jason Demers and loses puck.
9:45 of 2nd period - Wrist shot by Brooks Laich.
9:45 of 2nd period - Stopped by Kevin Poulin without a rebound.
9:46 of 2nd period - Henrik Sedin wins face-off versus Brad Richards in Bruins zone.
10:13 of 2nd period - Victor Oreskovich is hit by Kristopher Letang and loses puck.
10:58 of 2nd period - Wojtek Wolski is hit by Chad Larose and loses puck.
11:07 of 2nd period - Snap shot by Chad Larose.
11:07 of 2nd period - Shot Misses the Net.
11:21 of 2nd period - Thomas Hickey is hit by Kris Chucko.
11:45 of 2nd period - Slapshot by Zach Parise.
11:45 of 2nd period - Stopped by Kevin Poulin with a rebound.
11:47 of 2nd period - Wrist shot by Kristopher Letang.
11:47 of 2nd period - Shot Hit the Post.
12:23 of 2nd period - Snap shot by Brooks Laich.
12:23 of 2nd period - Stopped by Kevin Poulin with a rebound.
12:44 of 2nd period - Rene Bourque is hit by Brad Richards and loses puck.
13:38 of 2nd period - Slapshot by Andrew Alberts.
13:38 of 2nd period - Deflect By Rene Bourque.
13:38 of 2nd period - Shot Misses the Net.
13:38 of 2nd period - Puck is out of play.
13:39 of 2nd period - Henrik Sedin wins face-off versus Brooks Laich in Coyotes zone.
14:04 of 2nd period - Wrist shot by Tim Connolly.
14:04 of 2nd period - Shot Blocked by Josh Gorges.
14:25 of 2nd period - Snap shot by Nikolai Zherdev.
14:25 of 2nd period - Shot Blocked by Nazem Kadri.
14:27 of 2nd period - Slapshot by Jason Demers.
14:27 of 2nd period - Deflect By Casey Cizikas.
14:27 of 2nd period - Shot Misses the Net.
14:27 of 2nd period - Puck is out of play.
14:28 of 2nd period - Nazem Kadri wins face-off versus Casey Cizikas in Coyotes zone.
15:00 of 2nd period - Slapshot by Kris Chucko.
15:00 of 2nd period - Stopped by Maxime Daigneault with a rebound.
15:10 of 2nd period - Wrist shot by Casey Cizikas.
15:10 of 2nd period - Stopped by Maxime Daigneault without a rebound.
15:11 of 2nd period - Brad Richards wins face-off versus Wojtek Wolski in Coyotes zone.
15:15 of 2nd period - Off-side.
15:16 of 2nd period - Brad Richards wins face-off versus Henrik Sedin in neutral zone.
16:56 of 2nd period - Snap shot by Tim Connolly.
16:56 of 2nd period - Shot Misses the Net.
17:30 of 2nd period - Wrist shot by Marek Svatos.
17:30 of 2nd period - Stopped by Kevin Poulin with a rebound.
17:32 of 2nd period - Slapshot by Michael Del Zotto.
17:32 of 2nd period - Deflect By Kris Chucko.
17:32 of 2nd period - Stopped by Kevin Poulin with a rebound.
17:34 of 2nd period - Wrist shot by Nazem Kadri.
17:34 of 2nd period - Stopped by Kevin Poulin with a rebound.
18:09 of 2nd period - Thomas Hickey is hit by Cam Fowler and loses puck.
19:07 of 2nd period - Greg Zanon is hit by Tim Connolly and loses puck.
19:16 of 2nd period - Matt Cooke is hit by Zach Parise and loses puck.
19:49 of 2nd period - Wrist shot by Tim Connolly.
19:49 of 2nd period - Shot Blocked by Greg Zanon.
19:51 of 2nd period - Snap shot by Tim Connolly.
19:51 of 2nd period - Stopped by Maxime Daigneault with a rebound.
Goals for this period are 2 for Bruins vs 0 for Coyotes.
Shots for this period are 10 for Bruins vs 8 for Coyotes.
3rd period
0:01 of 3rd period - Brad Richards wins face-off versus Henrik Sedin in neutral zone.
1:09 of 3rd period - Snap shot by Casey Cizikas.
1:09 of 3rd period - Stopped by Maxime Daigneault with a rebound.
1:11 of 3rd period - Slapshot by Andrew Alberts.
1:11 of 3rd period - Shot Blocked by Josh Gorges.
1:13 of 3rd period - Wrist shot by Kris Chucko.
1:13 of 3rd period - Shot Misses the Net.
1:15 of 3rd period - Wrist shot by Casey Cizikas.
1:15 of 3rd period - Shot Blocked by Michael Del Zotto.
1:17 of 3rd period - Wrist shot by Cam Fowler.
1:17 of 3rd period - Shot Blocked by Michael Del Zotto.
1:19 of 3rd period - Wrist shot by Kris Chucko.
1:19 of 3rd period - Stopped by Maxime Daigneault with a rebound.
1:25 of 3rd period - Minor Penalty to Ryane Clowe for Tripping.
1:26 of 3rd period - Chad Larose wins face-off versus Henrik Sedin in Coyotes zone.
1:26 of 3rd period - Chad Larose is hit by Henrik Sedin.
2:02 of 3rd period - Off-side.
2:03 of 3rd period - Brad Richards wins face-off versus Tim Connolly in neutral zone.
3:20 of 3rd period - Martin Samuelsson is hit by Shane O'Brien and loses puck.
3:25 of 3rd period - Penalty to Ryane Clowe is over, Ryane Clowe is back on ice.
3:28 of 3rd period - Icing by Greg Zanon.
3:29 of 3rd period - Chad Larose wins face-off versus Dave Bolland in Coyotes zone.
4:27 of 3rd period - Slapshot by Maxim Talbot.
4:27 of 3rd period - Stopped by Kevin Poulin without a rebound.
4:28 of 3rd period - Wojtek Wolski wins face-off versus Brad Richards in Bruins zone.
5:18 of 3rd period - Snap shot by Chad Larose.
5:18 of 3rd period - Shot Misses the Net.
5:20 of 3rd period - Slapshot by Anton Stralman.
5:20 of 3rd period - Shot Misses the Net.
5:22 of 3rd period - Backhand shot by Anton Stralman.
5:22 of 3rd period - Stopped by Kevin Poulin without a rebound.
5:23 of 3rd period - Brooks Laich wins face-off versus Henrik Sedin in Bruins zone.
5:38 of 3rd period - Wrist shot by Henrik Sedin.
5:38 of 3rd period - Stopped by Maxime Daigneault with a rebound.
5:48 of 3rd period - Shane O'Brien is hit by Marian Gaborik.
8:22 of 3rd period - Icing by Viktor Stalberg.
8:23 of 3rd period - Dave Bolland wins face-off versus Brooks Laich in Bruins zone.
8:32 of 3rd period - Snap shot by Dave Bolland.
8:32 of 3rd period - Deflect By Viktor Stalberg.
8:32 of 3rd period - Stopped by Maxime Daigneault with a rebound.
9:10 of 3rd period - Wrist shot by Tyler Ennis.
9:10 of 3rd period - Shot Misses the Net.
9:34 of 3rd period - Slapshot by Jason Demers.
9:34 of 3rd period - Shot Hit the Post.
10:29 of 3rd period - Wrist shot by Brooks Laich.
10:29 of 3rd period - Shot Misses the Net.
10:44 of 3rd period - Henrik Sedin is hit by Marek Svatos and loses puck.
11:23 of 3rd period - Slapshot by Brad Richards.
11:23 of 3rd period - Shot Blocked by Kevin Bieksa.
11:25 of 3rd period - Snap shot by Tyler Ennis.
11:25 of 3rd period - Shot Misses the Net.
11:27 of 3rd period - Wrist shot by Brad Richards.
11:27 of 3rd period - Stopped by Kevin Poulin without a rebound.
11:28 of 3rd period - Brad Richards wins face-off versus Henrik Sedin in Bruins zone.
12:20 of 3rd period - Chris Stewart is hit by Jason Demers and loses puck.
12:33 of 3rd period - Wrist shot by Nikolai Zherdev.
12:33 of 3rd period - Shot Misses the Net.
12:59 of 3rd period - Off-side.
13:00 of 3rd period - Wojtek Wolski wins face-off versus Brad Richards in neutral zone.
13:05 of 3rd period - Slapshot by Andrew Alberts.
13:05 of 3rd period - Stopped by Maxime Daigneault with a rebound.
14:10 of 3rd period - Wrist shot by Wojtek Wolski.
14:10 of 3rd period - Shot Blocked by Kristopher Letang.
14:32 of 3rd period - Icing by Anton Stralman.
14:33 of 3rd period - Tim Connolly wins face-off versus Maxim Talbot in Coyotes zone.
14:44 of 3rd period - Wrist shot by Martin Samuelsson.
14:44 of 3rd period - Shot Misses the Net.
14:46 of 3rd period - Snap shot by Chris Stewart.
14:46 of 3rd period - Stopped by Kevin Poulin without a rebound.
14:47 of 3rd period - Marian Gaborik wins face-off versus Tim Connolly in Bruins zone.
14:48 of 3rd period - Slapshot by Tyler Ennis.
14:48 of 3rd period - Stopped by Kevin Poulin with a rebound.
14:50 of 3rd period - Backhand shot by Brad Richards.
14:50 of 3rd period - Shot Misses the Net.
15:01 of 3rd period - Minor Penalty to Victor Oreskovich for Hooking.
15:02 of 3rd period - Wojtek Wolski wins face-off versus Brad Richards in Bruins zone.
15:28 of 3rd period - Shane O'Brien is hit by Josh Gorges and loses puck.
15:33 of 3rd period - Snap shot by Nazem Kadri.
15:33 of 3rd period - Stopped by Kevin Poulin with a rebound.
15:35 of 3rd period - Wrist shot by Nazem Kadri.
15:35 of 3rd period - Stopped by Kevin Poulin without a rebound.
15:36 of 3rd period - Brad Richards wins face-off versus Rene Bourque in Bruins zone.
15:47 of 3rd period - Slapshot by Marian Gaborik.
15:47 of 3rd period - Shot Blocked by Andrew Alberts.
15:49 of 3rd period - Slapshot by Kristopher Letang.
15:49 of 3rd period - Deflect By Marian Gaborik.
15:49 of 3rd period - Shot Misses the Net.
15:49 of 3rd period - Puck is out of play.
15:50 of 3rd period - Brad Richards wins face-off versus Tim Connolly in Bruins zone.
16:54 of 3rd period - Wrist shot by Marek Svatos.
16:54 of 3rd period - Goal by Marek Svatos - Bruins : 4 - Coyotes : 3.
16:55 of 3rd period - Dave Bolland wins face-off versus Brad Richards in neutral zone.
17:21 of 3rd period - Anton Stralman is hit by Henrik Sedin and loses puck.
17:28 of 3rd period - Snap shot by Henrik Sedin.
17:28 of 3rd period - Stopped by Maxime Daigneault with a rebound.
18:08 of 3rd period - Wrist shot by Nazem Kadri.
18:08 of 3rd period - Shot Misses the Net.
18:10 of 3rd period - Slapshot by Kristopher Letang.
18:10 of 3rd period - Stopped by Kevin Poulin with a rebound.
18:12 of 3rd period - Wrist shot by Marek Svatos.
18:12 of 3rd period - Stopped by Kevin Poulin without a rebound.
18:13 of 3rd period - Marian Gaborik wins face-off versus Dave Bolland in Bruins zone.
18:14 of 3rd period - Snap shot by Brad Richards.
18:14 of 3rd period - Shot Blocked by Jason Demers.
18:16 of 3rd period - Wrist shot by Brad Richards.
18:16 of 3rd period - Shot Misses the Net.
18:18 of 3rd period - Snap shot by Marian Gaborik.
18:18 of 3rd period - Stopped by Kevin Poulin with a rebound.
18:20 of 3rd period - Snap shot by Brad Richards.
18:20 of 3rd period - Shot Misses the Net.
18:24 of 3rd period - Wrist shot by Brad Richards.
18:24 of 3rd period - Stopped by Kevin Poulin without a rebound.
18:25 of 3rd period - Dave Bolland wins face-off versus Brad Richards in Bruins zone.
18:32 of 3rd period - Slapshot by Jason Demers.
18:32 of 3rd period - Deflect By Dave Bolland.
18:32 of 3rd period - Goal by Dave Bolland - Bruins : 5 - Coyotes : 3.
18:33 of 3rd period - Dave Bolland wins face-off versus Maxim Talbot in neutral zone.
18:46 of 3rd period - Wrist shot by Dave Bolland.
18:46 of 3rd period - Shot Blocked by Martin Samuelsson.
19:05 of 3rd period - Shane O'Brien is hit by Marian Gaborik and loses puck.
19:48 of 3rd period - Nikolai Zherdev is hit by Ryane Clowe and loses puck.
Goals for this period are 1 for Bruins vs 1 for Coyotes.
Shots for this period are 7 for Bruins vs 12 for Coyotes.
Back to the Top